 Dungeon Crawl Stone Soup version 0.18.1-48-g4cf74bf (webtiles) character file.

77 PossumBlood the Magician (level 4, -1/24 HPs)
             Began as a Deep Elf Earth Elementalist on Aug 25, 2016.
             Slain by a gnoll
             ... wielding a +0 whip
              (5 damage)
             ... on level 2 of the Dungeon.
             The game lasted 00:05:11 (1400 turns).

PossumBlood the Magician (DEEE)                     Turns: 1400, Time: 00:05:11

Health: -1/24      AC:  4    Str:  3    XL:     4   Next: 14%
Magic:  1/12       EV: 13    Int: 21    God:
Gold:   34         SH:  0    Dex: 15    Spells: 2 memorised, 8 levels left

rFire  . . .     SeeInvis .     i - +0 short sword
rCold  . . .     Gourm    .     a - +0 robe
rNeg   . . .     Faith    .     (no shield)
rPois  .         Spirit   .     (no helmet)
rElec  .         Dismiss  .     (no cloak)
rCorr  .         Reflect  .     j - +0 pair of gloves
SustAt .         Harm     .     h - +0 pair of boots
MR     .....                    (no amulet)
Stlth  ++........               (no ring)
                                k - -2 ring of strength (curse)

@: not resistant to hostile enchantments, unstealthy
A: no striking features
a: no special abilities


You were on level 2 of the Dungeon.
You were hungry.

You visited 1 branch of the dungeon, and saw 2 of its levels.

You collected 34 gold pieces.

Inventory:

Hand Weapons
 g - a +0 club
 i - a +0 short sword (weapon)
Missiles
 b - 45 stones (quivered)
Armour
 a - a +0 robe (worn)
 h - a +0 pair of boots (worn)
 j - a +0 pair of gloves (worn)
Jewellery
 k - a cursed -2 ring of strength (left hand)
Scrolls
 e - 2 scrolls of magic mapping
Books
 c - a book of Geomancy

   Spells                             Type                      Level
   a - Sandblast                      Earth                        1
   b - Passwall                       Transmutation/Earth          2
   c - Stone Arrow                    Conjuration/Earth            3
   d - Petrify                        Transmutation/Earth          4
   e - Lee's Rapid Deconstruction     Earth                        5
Comestibles
 d - 2 bread rations
 f - a fruit


   Skills:
 - Level 2.4 Dodging
 - Level 2.4 Stealth
 + Level 4.7 Spellcasting
   Level 1.1 Transmutations
 + Level 4.5 Earth Magic


You had 8 spell levels left.
You knew the following spells:

 Your Spells              Type           Power        Failure   Level  Hunger
a - Sandblast             Erth           ###...       1%          1    None
b - Stone Arrow           Conj/Erth      ##....       17%         3    ##.....


Dungeon Overview and Level Annotations

Branches:
Dungeon (2/15)

Altars:


Message History

Aiming: Sandblast
Press: ? - help, Shift-Dir - straight line, f - gnoll, p - gnoll
Aim: a gnoll, wielding a whip The blast of sand hits the gnoll.
The gnoll hits you with a whip!
* * * LOW HITPOINT WARNING * * *
Things that are here:
an enchanted halberd; a gnoll corpse
Casting: Sandblast
Confirm with . or Enter, or press ? or * to list all spells.
Aiming: Sandblast
Press: ? - help, Shift-Dir - straight line, f/p - gnoll
Aim: a gnoll, wielding a whip The blast of sand hits the gnoll.
The gnoll is moderately wounded.
The gnoll closely misses you. The gnoll hits you with a whip.
* * * LOW HITPOINT WARNING * * *
You see here a quokka corpse.
The gnoll hits you with a whip.
You die...

.. .....# .#. ..##.########### .)
#..............### #.
#..#.##.##.......#
#.###.##.##.##.###.#.#
#............#.# #.#.# #
##.....g.......# #...# #.
##.....#g##..### ###.#
###.##......#@##..# #.#
.........g##)##..# #.#
##........##.##..# #.#
#...........##..# #.## #
##.......#####..# #..#
.#.#####......# #..#######..#
..............#####...........###
...[...###.#.).......######......
##.###.# ###..##############..###


You could see 2 gnolls.

Vanquished Creatures
  5 gnolls (D:2)
  A bat (D:1)
  2 giant cockroaches (D:1)
  5 hobgoblins
  2 jackals (D:1)
  2 kobolds
  A quokka (D:2)
  A ball python (D:1)
  3 giant newts (D:1)
  6 goblins
  3 rats (D:1)
31 creatures vanquished.

Notes
Turn   | Place    | Note
--------------------------------------------------------------
     0 | D:1      | PossumBlood the Deep Elf Earth Elementalist began the quest for the Orb.
     0 | D:1      | Reached XP level 1. HP: 10/10 MP: 6/6
    93 | D:1      | Reached XP level 2. HP: 7/15 MP: 0/8
   910 | D:2      | Reached XP level 3. HP: 2/19 MP: 5/10
  1219 | D:2      | Learned a level 3 spell: Stone Arrow
  1280 | D:2      | Reached XP level 4. HP: 24/24 MP: 7/12
  1400 | D:2      | Slain by a gnoll

Skill      XL: |  1  2 |
---------------+-------+-----
Spellcasting   | 4 |  4.7
Earth Magic    | 4 |  4.5
Dodging        | |  2.4
Stealth        | |  2.4
Transmutations | |  1.1

Action                   |  1- 3 |  4- 6 || total
-------------------------+-------+-------++-------
Melee: Unarmed           |    10 |       ||    10
       Short sword       |     1 |       ||     1
 Cast: Sandblast         |    54 |     8 ||    62
       Stone Arrow       |       |     5 ||     5
  Use: Scroll            |     3 |       ||     3
       Potion            |     2 |       ||     2
  Eat: Fruit             |     1 |       ||     1
Armor: Robe              |     2 |     1 ||     3
Dodge: Dodged            |    23 |     8 ||    31
